MLB
HOUSTON ASTROS @ BOSTON RED SOX
09/14/2046
 
TOP OF THE 1ST
Houston Astros batting - Pitching for Boston Red Sox : RHP Jeremy Hernandez
Pitching: RHP Jeremy Hernandez
Batting: RHB Matt Thompson 0-0: Foul Ball, location: 2F
0-1: Ground out 6-3 (Groundball, 6D, EV 101.2 MPH)
Batting: LHB Bryce Hill 0-0: Called Strike
0-1: Foul Ball, location: 2F
0-2: Strikes out swinging
Batting: RHB Chris Lane 0-0: Called Strike
0-1: Swinging Strike
0-2: Fly out, F7 (Flyball, 7LSF, EV 83.8 MPH)
Top of the 1st over - 0 runs, 0 hits, 0 errors, 0 left on base; Houston 0 - Boston 0
BOTTOM OF THE 1ST
Boston Red Sox batting - Pitching for Houston Astros : LHP Brian Thomas
Pitching: LHP Brian Thomas
Batting: RHB Alois Wollf 0-0: Ball
1-0: Ball
2-0: Ball
3-0: Called Strike
3-1: Base on Balls
Batting: SHB Robbie Rogers 0-0: Ball
1-0: Foul Ball, location: 2F
1-1: DOUBLE (Flyball, 8LXD, EV 95.0 MPH)
Alois Wollf to third
Runner from 3rd tries for Home, SAFE, no throw by CF
Batting: RHB Cesar Breceda 0-0: Called Strike
0-1: Ball
1-1: Ball
2-1: Ball
3-1: Base on Balls
Batting: SHB Marvin Lawrence 0-0: Ball
1-0: Called Strike
1-1: Grounds into double play, 6-4-3 (Groundball, 56, EV 98.8 MPH)
Robbie Rogers to third
Batting: LHB Kevin McCormic Jr. 0-0: Swinging Strike
0-1: Called Strike
0-2: Ball
1-2: Foul Ball, location: 2F
1-2: Foul Ball, location: 2F
1-2: Foul Ball, location: 2F
1-2: Ball
2-2: Strikes out swinging
Bottom of the 1st over - 1 run, 1 hit, 0 errors, 1 left on base; Houston 0 - Boston 1
TOP OF THE 2ND
Houston Astros batting - Pitching for Boston Red Sox : RHP Jeremy Hernandez
Batting: RHB Elijah Hunter 0-0: Ball
1-0: Called Strike
1-1: Ball
2-1: Ball
3-1: Called Strike
3-2: Foul Ball, location: 2F
3-2: SINGLE (Groundball, 34D, EV 99.4 MPH)
Batting: SHB Joe Gardner 0-0: Ball
1-0: Ball
2-0: Foul Ball, location: 2F
2-1: Ball
3-1: SINGLE (Groundball, 56D, EV 99.4 MPH)
Elijah Hunter to second
Batting: RHB Josh Froyd 0-0: Ball
1-0: Ball
2-0: Fly out, F9 (Flyball, 89S, EV 82.5 MPH)
Batting: SHB Troy Kenyon 0-0: Foul Ball, location: 2F
0-1: Ball
1-1: Ball
2-1: Foul Ball, location: 2F
2-2: Fielders Choice at 2nd, 3-6 (Groundball, 34, EV 108.8 MPH)
Elijah Hunter to third
Batting: RHB Antonio Aranda 0-0: Ball
1-0: Foul Ball, location: 2F
1-1: Called Strike
1-2: Ball
2-2: Ball
3-2: SINGLE (Groundball, 6MD, EV 100.6 MPH)
Elijah Hunter scores
Troy Kenyon to second
Troy Kenyon to third
Batting: RHB Chang-wei Jiang 0-0: SINGLE (Groundball, 34D, EV 110.6 MPH)
Troy Kenyon scores
Antonio Aranda to second
Runner from 2nd tries for 3rd, SAFE, throw by RF made to third
Batting: RHB Matt Thompson 0-0: Ball
1-0: SINGLE (Line Drive, 89S, EV 86.9 MPH)
Antonio Aranda scores
Chang-wei Jiang to second
Batting: LHB Bryce Hill 0-0: Called Strike
0-1: Fly out, F8 (Flyball, 8LD, EV 103.1 MPH)
Top of the 2nd over - 3 runs, 5 hits, 0 errors, 2 left on base; Houston 3 - Boston 1
BOTTOM OF THE 2ND
Boston Red Sox batting - Pitching for Houston Astros : LHP Brian Thomas
Batting: RHB Pedro Nin 0-0: Ball
1-0: Called Strike
1-1: Ball
2-1: Foul Ball, location: 2F
2-2: Hit by Pitch
Batting: RHB Rocky Campbell 0-0: Called Strike
Pedro Nin is caught stealing 2nd base 2-4
0-1: Fly out, F9 (Flyball, 9, EV 95.6 MPH)
Batting: LHB Mike Mentzer 0-0: Foul Ball, location: 2F
0-1: Ground out 1-3 (Groundball, 13S, EV 65.0 MPH)
Bottom of the 2nd over - 0 runs, 0 hits, 0 errors, 0 left on base; Houston 3 - Boston 1
TOP OF THE 3RD
Houston Astros batting - Pitching for Boston Red Sox : RHP Jeremy Hernandez
Batting: RHB Chris Lane 0-0: Called Strike
0-1: Called Strike
0-2: Foul Ball, location: 2F
0-2: Ball
1-2: Fly out, F4 (Popup, 4, EV 71.9 MPH)
Batting: RHB Elijah Hunter 0-0: Foul Ball, location: 2F
0-1: Ground out 6-3 (Groundball, 56, EV 90.6 MPH)
Batting: SHB Joe Gardner 0-0: Swinging Strike
0-1: Foul Ball, location: 2F
0-2: Strikes out swinging
Top of the 3rd over - 0 runs, 0 hits, 0 errors, 0 left on base; Houston 3 - Boston 1
BOTTOM OF THE 3RD
Boston Red Sox batting - Pitching for Houston Astros : LHP Brian Thomas
Batting: RHB Scott Treider 0-0: Foul Ball, location: 2F
0-1: Ball
1-1: Called Strike
1-2: Strikes out looking
Batting: RHB Alois Wollf 0-0: Ball
1-0: Fly out, F8 (Flyball, 8LD, EV 96.2 MPH)
Batting: SHB Robbie Rogers 0-0: Swinging Strike
0-1: Ground out 5-3 (Groundball, 5, EV 110.0 MPH)
Bottom of the 3rd over - 0 runs, 0 hits, 0 errors, 0 left on base; Houston 3 - Boston 1
TOP OF THE 4TH
Houston Astros batting - Pitching for Boston Red Sox : RHP Jeremy Hernandez
Batting: RHB Josh Froyd 0-0: Ball
1-0: Foul Ball, location: 2F
1-1: Swinging Strike
1-2: Ball
2-2: Foul Ball, location: 2F
2-2: Foul Ball, location: 2F
2-2: Foul Ball, location: 2F
2-2: Foul Ball, location: 2F
2-2: Fly out, F7 (Line Drive, 7S, EV 92.5 MPH)
Batting: SHB Troy Kenyon 0-0: Called Strike
0-1: Ball
1-1: Ground out 4-3 (Groundball, 4, EV 80.6 MPH)
Batting: RHB Antonio Aranda 0-0: Ball
1-0: Ball
2-0: Ball
3-0: Called Strike
3-1: Base on Balls
Batting: RHB Chang-wei Jiang 0-0: Ball
1-0: Called Strike
1-1: Called Strike
1-2: Foul Ball, location: 2F
1-2: Strikes out swinging
Top of the 4th over - 0 runs, 0 hits, 0 errors, 1 left on base; Houston 3 - Boston 1
BOTTOM OF THE 4TH
Boston Red Sox batting - Pitching for Houston Astros : LHP Brian Thomas
Batting: RHB Cesar Breceda 0-0: Called Strike
0-1: Foul Ball, location: 2F
0-2: Ball
1-2: Foul Ball, location: 2F
1-2: Fly out, F3 (Popup, 3S, EV 68.1 MPH)
Batting: SHB Marvin Lawrence 0-0: Called Strike
0-1: Foul Ball, location: 2F
0-2: Strikes out swinging
Batting: LHB Kevin McCormic Jr. 0-0: Foul Ball, location: 2F
0-1: Ball
1-1: DOUBLE (Flyball, 9LD, EV 96.2 MPH)
Batting: RHB Pedro Nin 0-0: Called Strike
0-1: Ball
1-1: Ball
2-1: Ball
3-1: Called Strike
3-2: SINGLE (Groundball, 6M, EV 101.9 MPH) (infield hit)
Kevin McCormic Jr. to third
Batting: RHB Rocky Campbell 0-0: Swinging Strike
0-1: Ball
1-1: Fielders Choice at 2nd, U6 (Groundball, 6M, EV 85.0 MPH)
Bottom of the 4th over - 0 runs, 2 hits, 0 errors, 2 left on base; Houston 3 - Boston 1
TOP OF THE 5TH
Houston Astros batting - Pitching for Boston Red Sox : RHP Jeremy Hernandez
Batting: RHB Matt Thompson 0-0: Ball
1-0: Fly out, F8 (Line Drive, 78M, EV 106.9 MPH)
Batting: LHB Bryce Hill 0-0: Ball
1-0: Swinging Strike
1-1: Fly out, F7 (Flyball, 7S, EV 93.1 MPH)
Batting: RHB Chris Lane 0-0: Ball
1-0: Ball
2-0: Fly out, F3 (Popup, 3SF, EV 81.9 MPH)
Top of the 5th over - 0 runs, 0 hits, 0 errors, 0 left on base; Houston 3 - Boston 1
BOTTOM OF THE 5TH
Boston Red Sox batting - Pitching for Houston Astros : LHP Brian Thomas
Batting: LHB Mike Mentzer 0-0: Called Strike
0-1: Ground out 5-3 (Groundball, 56S, EV 83.8 MPH)
Batting: RHB Scott Treider 0-0: Swinging Strike
0-1: Swinging Strike
0-2: Ground out 4-3 (Groundball, 34, EV 85.0 MPH)
Batting: RHB Alois Wollf 0-0: Called Strike
0-1: Ball
1-1: SINGLE (Groundball, 6MS, EV 66.9 MPH) (infield hit)
Batting: SHB Robbie Rogers 0-0: Swinging Strike
0-1: Called Strike
Alois Wollf steals 2nd base (no throw)
0-2: Strikes out looking
Bottom of the 5th over - 0 runs, 1 hit, 0 errors, 1 left on base; Houston 3 - Boston 1
TOP OF THE 6TH
Houston Astros batting - Pitching for Boston Red Sox : RHP Jeremy Hernandez
Batting: RHB Elijah Hunter 0-0: Ball
1-0: Called Strike
1-1: Fly out, F8 (Flyball, 8LM, EV 73.1 MPH)
Batting: SHB Joe Gardner 0-0: Swinging Strike
0-1: Ball
1-1: Fly out, F7 (Flyball, 7LSF, EV 87.5 MPH)
Batting: RHB Josh Froyd 0-0: Ball
1-0: Ball
2-0: Swinging Strike
2-1: Foul Ball, location: 2F
2-2: Ball
3-2: Foul Ball, location: 2F
3-2: Base on Balls
Batting: SHB Troy Kenyon 0-0: Called Strike
0-1: Ball
1-1: Called Strike
Josh Froyd is caught stealing 2nd base 2-6
Top of the 6th over - 0 runs, 0 hits, 0 errors, 0 left on base; Houston 3 - Boston 1
BOTTOM OF THE 6TH
Boston Red Sox batting - Pitching for Houston Astros : LHP Brian Thomas
Batting: RHB Cesar Breceda 0-0: Called Strike
0-1: Ball
1-1: Foul Ball, location: 2F
1-2: SINGLE (Line Drive, 6MD, EV 98.8 MPH)
Batting: SHB Marvin Lawrence 0-0: Ball
1-0: Called Strike
Cesar Breceda steals 2nd base
1-1: Ball
2-1: Swinging Strike
2-2: Foul Ball, location: 2F
2-2: Ball
3-2: Foul Ball, location: 2F
3-2: Foul Ball, location: 2F
3-2: Base on Balls
Batting: LHB Kevin McCormic Jr. 0-0: Ball
1-0: Foul Ball, location: 2F
1-1: Swinging Strike
Passed Ball!
Cesar Breceda to third
Marvin Lawrence to second
1-2: Ball
2-2: Ball
3-2: SINGLE (Line Drive, 4D, EV 97.5 MPH)
Cesar Breceda scores
Marvin Lawrence to third
Batting: RHB Pedro Nin 0-0: Ground out 5-3 (Groundball, P, EV 86.9 MPH)
Kevin McCormic Jr. to second
Batting: RHB Rocky Campbell 0-0: Called Strike
0-1: Ball
1-1: Foul Ball, location: 2F
1-2: Strikes out looking
Pinch Hitting: RHB Dan Friess 0-0: Ball
1-0: Called Strike
1-1: SINGLE (Groundball, 6MD, EV 96.9 MPH)
Marvin Lawrence scores
Kevin McCormic Jr. to third
Runner from 3rd tries for Home, SAFE, throw by CF to home
Pinch Runner at 1st Joe Smack:
Batting: RHB Scott Treider 0-0: Foul Ball, location: 2F
0-1: Ball
Joe Smack steals 2nd base
1-1: Foul Ball, location: 2F
1-2: Foul Ball, location: 2F
1-2: Fly out, F7 (Flyball, 78M, EV 89.4 MPH)
Bottom of the 6th over - 3 runs, 3 hits, 0 errors, 1 left on base; Houston 3 - Boston 4
TOP OF THE 7TH
Houston Astros batting - Pitching for Boston Red Sox : RHP Jeremy Hernandez
Now in CF: Joe Smack
Batting: SHB Troy Kenyon 0-0: Ground out 4-3 (Groundball, 4M, EV 107.5 MPH)
Batting: RHB Antonio Aranda 0-0: Ball
1-0: Ground out 5-3 (Groundball, 56S, EV 70.6 MPH)
Batting: RHB Chang-wei Jiang 0-0: Ball
1-0: Called Strike
1-1: Fly out, F7 (Flyball, 78S, EV 95.0 MPH)
Top of the 7th over - 0 runs, 0 hits, 0 errors, 0 left on base; Houston 3 - Boston 4
BOTTOM OF THE 7TH
Boston Red Sox batting - Pitching for Houston Astros : LHP Brian Thomas
Pitching: RHP Seth Bowersox
Batting: RHB Alois Wollf 0-0: Ball
1-0: Swinging Strike
1-1: Swinging Strike
1-2: Ball
2-2: Ball
3-2: Foul Ball, location: 2F
3-2: Strikes out swinging
Batting: SHB Robbie Rogers 0-0: Ball
1-0: Called Strike
1-1: Called Strike
1-2: Strikes out looking
Batting: RHB Cesar Breceda 0-0: SINGLE (Groundball, 3D, EV 106.2 MPH)
Batting: SHB Marvin Lawrence 0-0: Ball
1-0: Called Strike
1-1: SINGLE (Groundball, 34S, EV 83.1 MPH) (infield hit)
Cesar Breceda to second
Batting: LHB Kevin McCormic Jr. 0-0: Foul Ball, location: 2F
0-1: Ball
1-1: Ball
2-1: Ball
3-1: Foul Ball, location: 2F
3-2: Base on Balls
Cesar Breceda to third
Marvin Lawrence to second
Batting: RHB Pedro Nin 0-0: Called Strike
0-1: SINGLE (Groundball, 56S, EV 65.0 MPH) (infield hit)
Cesar Breceda scores
Marvin Lawrence to third
Kevin McCormic Jr. to second
Batting: RHB Rocky Campbell 0-0: Called Strike
0-1: Ball
1-1: Foul Ball, location: 2F
1-2: Strikes out looking
Bottom of the 7th over - 1 run, 3 hits, 0 errors, 3 left on base; Houston 3 - Boston 5
TOP OF THE 8TH
Houston Astros batting - Pitching for Boston Red Sox : RHP Jeremy Hernandez
Batting: RHB Matt Thompson 0-0: Ground out 5-3 (Groundball, 5, EV 85.0 MPH)
Batting: LHB Bryce Hill 0-0: Ball
1-0: Fly out, F7 (Flyball, 7S, EV 89.4 MPH)
Batting: RHB Chris Lane 0-0: Ball
1-0: Ground out U3 (Groundball, 13, EV 85.0 MPH)
Top of the 8th over - 0 runs, 0 hits, 0 errors, 0 left on base; Houston 3 - Boston 5
BOTTOM OF THE 8TH
Boston Red Sox batting - Pitching for Houston Astros : RHP Seth Bowersox
Pitching: RHP Brian Lynch
Batting: RHB Joe Smack 0-0: Ball
1-0: Foul Ball, location: 2F
1-1: Ball
2-1: Foul Ball, location: 2F
2-2: Foul Ball, location: 2F
2-2: Strikes out swinging
Batting: RHB Scott Treider 0-0: Ball
1-0: SINGLE (Groundball, 6MD, EV 98.1 MPH)
Batting: RHB Alois Wollf 0-0: Ball
1-0: Foul Ball, location: 2F
1-1: Ball
2-1: Ball
3-1: Base on Balls
Scott Treider to second
Batting: SHB Robbie Rogers 0-0: SINGLE (Groundball, 25, EV 73.1 MPH) (infield hit)
Scott Treider to third
Alois Wollf to second
Batting: RHB Cesar Breceda 0-0: Ball
1-0: Swinging Strike
1-1: Ball
2-1: Foul Ball, location: 2F
2-2: Strikes out swinging
Batting: SHB Marvin Lawrence 0-0: Ball
1-0: Foul Ball, location: 2F
1-1: Ball
2-1: Swinging Strike
2-2: Foul Ball, location: 2F
2-2: Ground out U3 (Groundball, 3L, EV 83.8 MPH)
Bottom of the 8th over - 0 runs, 2 hits, 0 errors, 3 left on base; Houston 3 - Boston 5
TOP OF THE 9TH
Houston Astros batting - Pitching for Boston Red Sox : RHP Jeremy Hernandez
Pitching: RHP Guadalupe Vasguez
Now at 1B: Kevin McCormic Jr.
Now in LF: Joe Smack
Now in CF: Shoichi Aso
Batting: RHB Elijah Hunter 0-0: Ball
1-0: Foul Ball, location: 2F
1-1: Ball
2-1: Called Strike
2-2: Strikes out swinging
Batting: SHB Joe Gardner 0-0: Swinging Strike
0-1: Ball
1-1: Ball
2-1: Ball
3-1: Fly out, F9 (Flyball, 9LS, EV 80.0 MPH)
Batting: RHB Josh Froyd 0-0: Called Strike
0-1: Ball
1-1: Foul Ball, location: 2F
1-2: Ball
2-2: Ground out 6-3 (Groundball, 6M, EV 100.6 MPH)
Top of the 9th over - 0 runs, 0 hits, 0 errors, 0 left on base; Houston 3 - Boston 5
Tuesday, September 13th , 2022 - OOTP Baseball 23.7 Build 88